 Dungeon Crawl Stone Soup version 0.25.0-9-g26727b657a (webtiles) character file.

Game seed: 7967042038421462942

460 mopl the Spear-Bearer (level 7, -4/50 HPs)
             Began as a Merfolk Skald on June 20, 2020.
             Killed from afar by Sigmund (10 damage)
             ... with a puff of flame
             ... on level 4 of the Dungeon.
             The game lasted 00:05:28 (4711 turns).

mopl the Spear-Bearer (Merfolk Skald)               Turns: 4711, Time: 00:05:28

Health: -4/50      AC:  6    Str: 13    XL:     7   Next: 7%
Magic:  10/10      EV: 10    Int: 12    God:
Gold:   112        SH:  0    Dex: 14    Spells: 7/10 levels left

rFire    . . .     SeeInvis .   h - +0 trident
rCold    . . .     Gourm    .   (no shield)
rNeg     . . .     Faith    .   s - +0 scale mail
rPois    .         Spirit   .   (no helmet)
rElec    .         Reflect  .   (no cloak)
rCorr    .         Harm     .   (no gloves)
MR       .....                  (no boots)
Stlth    ..........             (no amulet)
HPRegen  0.16/turn              q - ring of attention (curse)
MPRegen  0.12/turn              (no ring)

@: lethally poisoned (-4 -> -7), berserk cooldown, slowed, very slow
A: change form in water, swift swim, stealthy swim
a: no special abilities


You were on level 4 of the Dungeon.
You were not hungry.

You visited 1 branch of the dungeon, and saw 5 of its levels.

You collected 112 gold pieces.

Inventory:

Hand Weapons
 a - a +0 spear
 h - a +0 trident (weapon)
Missiles
 e - 3 atropa-tipped darts
 j - 13 javelins
 m - 12 poisoned darts (quivered)
Armour
 n - a +0 chain mail
 s - a +0 scale mail (worn)
Jewellery
 q - a cursed ring of attention (left hand)
Wands
 t - a wand of acid (6)
Scrolls
 c - 2 scrolls of enchant armour
 f - 2 scrolls of immolation {unknown}
 g - a scroll of remove curse {unknown}
 i - a scroll of blinking
 r - a scroll of fear {unknown}
Potions
 k - 3 potions of curing
 l - 4 potions of might
 o - a potion of brilliance
 u - a potion of haste {unknown}
 w - a potion of mutation {unknown}
 x - a potion of heal wounds {unknown}
Comestibles
 d - 9 rations


   Skills:
 - Level 2.1 Fighting
 + Level 10.5 Polearms
 - Level 0.6 Armour
 - Level 2.6 Dodging
 - Level 2.0 Spellcasting
 - Level 3.2 Charms


You had 7 spell levels left.
You knew the following spells:

 Your Spells              Type           Power        Failure   Level  Hunger
a - Infusion              Chrm           #...         34%         1    ##.....
b - Song of Slaying       Chrm           #.......     45%         2    ###....

Your spell library contained the following spells:

 Spells                   Type           Power        Failure   Level  Hunger
 Shroud of Golubria       Chrm/Tloc      #.....       71%         2    ###....
 Ozocubu's Armour         Chrm/Ice       #.......     90%         3    ####...
 Spectral Weapon          Hex/Chrm       #.......     90%         3    ####...


Dungeon Overview and Level Annotations

Branches:
Dungeon (5/15)
 Temple: D:4-7

Altars:
Fedhas

Annotations:
D:4 Sigmund


Message History

You puncture the goblin!
You kill the goblin!
You are no longer berserk.
You pass out from exhaustion.
You feel yourself slow down.
You feel sick.
You feel sick.
Sigmund the Dreaded comes into view.
He is wielding a +0 scythe.
You feel sick.
You can move again.
Unknown command.
Unknown command.
Evoke which item? (* to show all) (? for menu, Esc to quit)
Aiming: Corrosive Bolt
Press: ? - help, Shift-Dir - straight line, f - you That beam is likely to hit you.
Continue anyway?
Okay, then.
Okay, then.
Sigmund points at you and mumbles some strange words.
The puff of flame hits you!
You die...

♣.♣♣♣♣.♣ #.
#.#.##....
♣♣♣ ♣(♣ #
#@#.# ....
♣♣.♣ #(#.#
... ♣..♣
#.#.# ♣.♣♣
#.#.# ♣.♣♣
#.#.# ♣♣.♣
#†#.# ♣♣.♣♣
#†#a# ♣.♣♣ ##
#@#.# ♣.♣ #..
#.#.## ♣.♣
#.# #.#g. ♣.♣
#.# ##.#.#
♣.♣
##.####..#.#
♣♣.♣
#..........#
♣♣.♣♣
#.#...######
♣.♣♣ ##...###
##.#####...##


You could see Sigmund.

Vanquished Creatures
  2 howler monkeys (D:4)
  3 orc priests
  An iguana (D:4)
  Ijyb (D:4)
  3 worker ants (D:4)
  6 gnolls
  3 adders (D:3)
  2 oozes
  A worm (D:2)
  4 leopard geckos
  7 orcs
  3 ball pythons
  4 bats
  3 giant cockroaches
  6 goblins
  10 hobgoblins
  2 jackals (D:4)
  A kobold (D:1)
  A quokka (D:2)
  3 frilled lizards
  5 rats
71 creatures vanquished.

Notes
Turn   | Place    | Note
-------+----------+-------------------------------------------
     0 | D:1      | mopl the Merfolk Skald began the quest for the Orb.
     0 | D:1      | Reached XP level 1. HP: 16/16 MP: 3/3
    75 | D:1      | Reached skill level 4 in Polearms
    75 | D:1      | Reached XP level 2. HP: 5/22 MP: 5/5
   321 | D:1      | Learned a level 2 spell: Song of Slaying
   588 | D:1      | Reached skill level 5 in Polearms
   588 | D:1      | Reached XP level 3. HP: 22/27 MP: 6/6
  1771 | D:3      | Found a blossoming altar of Fedhas.
  1812 | D:3      | Reached skill level 6 in Polearms
  1826 | D:3      | Reached XP level 4. HP: 19/33 MP: 7/7
  2180 | D:2      | Reached skill level 7 in Polearms
  2697 | D:2      | Reached XP level 5. HP: 5/38 MP: 8/8
  2977 | D:3      | Reached skill level 8 in Polearms
  3844 | D:4      | Reached XP level 6. HP: 28/44 MP: 5/9
  4046 | D:4      | Reached skill level 9 in Polearms
  4235 | D:4      | Noticed Ijyb
  4251 | D:4      | Killed Ijyb
  4634 | D:4      | Noticed a phantom
  4670 | D:5      | Entered Level 5 of the Dungeon
  4672 | D:4      | HP: 2/44 [jackal (1)]
  4695 | D:4      | Reached skill level 10 in Polearms
  4701 | D:4      | Reached XP level 7. HP: 15/50 MP: 10/10
  4709 | D:4      | Noticed Sigmund
  4711 | D:4      | Killed from afar by Sigmund

Illustrated notes

Levels and vault maps discovered:
D:1:      lemuel_arrival_rhombus, layout_rooms
D:2:      layout_loops_corners, first_ration, chequers_serial_rivers_room_b
D:3:      layout_basic, fedhas_altar_2
D:4:      kb_forest_paths, layout_basic, minmay_temple_entry_proselytizer,
          nemelex_lonely_heart_becter, uniq_robin, uniq_sigmund, uniq_natasha,
          uniq_ijyb, uniq_edmund
D:5:      layout_rooms, hangedman_decor_riveting, kennysheep_cluttered_room,
          uniq_crazy_yiuf_cottage

Skill      XL: |  1  2  3  4  5  6 |
---------------+-------------------+-----
Polearms       | 4 5 6 7 8 10 | 10.5
Fighting       | |  2.1
Armour         | |  0.6
Dodging        | |  2.6
Spellcasting   | |  2.0
Charms         | |  3.2

Action                   |  1- 3 |  4- 6 |  7- 9 || total
-------------------------+-------+-------+-------++-------
Melee: Spear             |   153 |    84 |       ||   237
       Tailslap          |       |     2 |       ||     2
       Trident           |       |   180 |     5 ||   185
Throw: Dart              |       |    21 |       ||    21
 Cast: Infusion          |     1 |     3 |       ||     4
  Use: Scroll            |     4 |     3 |       ||     7
       Potion            |       |     2 |       ||     2
  Eat: Chunk             |     3 |     9 |       ||    12
Armor: Leather armour    |    15 |     8 |       ||    23
       Scale mail        |       |    61 |     1 ||    62
Dodge: Dodged            |    54 |   121 |       ||   175
